 Dungeon Crawl Stone Soup version 0.24.0-41-g2ae2f7f1be (webtiles) character file.

Game seed: 13783202400562409701, levelgen mode: deterministic

245 Gartch the Digger (level 5, -1/46 HPs)
             Began as a Deep Dwarf Earth Elementalist on Dec 9, 2019.
             Killed from afar by an orc wizard (7 damage)
             ... with a magic dart
             ... on level 3 of the Dungeon.
             The game lasted 00:39:29 (4110 turns).

Gartch the Digger (Deep Dwarf Earth Elementalist)   Turns: 4110, Time: 00:39:29

Health: -1/46      AC:  0    Str: 12    XL:     5   Next: 84%
Magic:  1/3        EV: 14    Int: 15    God:
Gold:   174        SH:  0    Dex: 14    Spells: 6/7 levels left

rFire    . . .     SeeInvis .   r - +3 whip
rCold    . . .     Gourm    .   (no shield)
rNeg     . . .     Faith    .   (no armour)
rPois    .         Spirit   .   (no helmet)
rElec    .         Reflect  .   (no cloak)
rCorr    .         Harm     .   (no gloves)
MR       .....                  (no boots)
Stlth    ++........             (no amulet)
HPRegen  0.00/turn              (no ring)
MPRegen  0.08/turn              (no ring)

@: very slightly contaminated, non-regenerating
A: damage resistance, heal wounds, sense surroundings 1, no regeneration
a: Heal Wounds


You were on level 3 of the Dungeon.
You were hungry.

You visited 1 branch of the dungeon, and saw 4 of its levels.

You collected 174 gold pieces.

Inventory:

Hand Weapons
 b - a +2 hand axe of chopping
 e - a +0 club
 g - a +0 dagger
 r - a +3 whip (weapon)
Missiles
 y - 30 stones (quivered)
 B - a throwing net
Armour
 c - a +0 robe
 j - a +0 scale mail
 q - a +0 leather armour of magic resistance
 s - a +0 plate armour
 A - a +0 leather armour
Jewellery
 f - an uncursed amulet of the gourmand {unknown}
 t - an uncursed ring of resist corrosion {unknown}
Wands
 p - a wand of paralysis (7)
Scrolls
 h - 2 scrolls of teleportation
 k - 2 scrolls of magic mapping {unknown}
 m - a scroll of fear {unknown}
 n - 2 scrolls of blinking
 o - a scroll of random uselessness {unknown}
 w - a scroll of enchant armour {unknown}
 z - a scroll of fog {unknown}
Potions
 a - 2 potions of brilliance {unknown}
 i - 2 potions of cancellation
 l - a potion of mutation
 u - a potion of ambrosia {unknown}
 v - a potion of lignification {unknown}
 x - a potion of magic {unknown}
Comestibles
 d - 5 rations
 C - 3 chunks of flesh


   Skills:
 - Level 2.4 Fighting
 + Level 2.2 Armour
 - Level 4.8 Dodging
 - Level 2.4 Stealth
 - Level 1.7 Spellcasting
   Level 0.8 Transmutations
 - Level 4.9 Earth Magic


You had 6 spell levels left.
You knew the following spells:

 Your Spells              Type           Power        Failure   Level  Hunger
a - Sandblast             Erth           ###...       3%          1    ##.....

Your spell library contained the following spells:

 Spells                   Type           Power        Failure   Level  Hunger
 Passwall                 Tmut/Erth      ##......     11%         2    ###....
 Stone Arrow              Conj/Erth      #.....       24%         3    ####...
 Petrify                  Tmut/Erth      ##......     56%         4    #####..
 Lee's Rapid Deconstruct  Erth           ###.......   63%         5    ######.


Dungeon Overview and Level Annotations

Branches:
Dungeon (4/15)
 Temple: D:4-7

Altars:
Nemelex Xobeh
Okawaru

Annotations:
D:2 Sigmund


Innate Abilities, Weirdness & Mutations

You are resistant to damage.
You can heal yourself by infusing magical energy.
You passively map a small area around you.
You do not regenerate.


Message History

The orc wizard is lightly wounded.
The orc wizard hits you with a +0 dagger.
Some of the chunks of flesh in your inventory have rotted away.
Something hits you.
The orc wizard hits you with a +0 dagger.
You barely miss the orc wizard.
The orc wizard is lightly wounded.
Something hits you.
The orc wizard hits you with a +0 dagger.
Something hits you but does no damage.
You miss the orc wizard.
The orc wizard is lightly wounded.
The orc wizard closely misses you. Something hits you.
The orc wizard barely misses you.
A magic dart appears from out of thin air!
The magic dart hits you!
* * * LOW HITPOINT WARNING * * *
The orc wizard points at you and mumbles some strange words.
The magic dart hits you!
You die...

#...#
#####...######......##..#
#.#.###.....###
#..)......##
###....)o....##
#<.....####
.......#####.# #..)...#
......## #[### #......#
....#.###**#...#
##.####.#
..........####o## ##..#
#.# ...###.##.#
#{.####..## #)# #### ..#
, ##.@#...######.# # *#.#
##............# # * *.# *
###.########..# , ..,
#...# #..# *######
####.### ####
####♣P♣♣##♣#(..(#
#PPPP...PPP#.####
PPPP...÷.PP#(#
..#.......##)#


You could see an orc wizard.

Vanquished Creatures
  Terence (D:2)
  2 worker ants (D:4)
  A hound skeleton (D:3)
  5 adders
  An ooze (D:2)
  A worm (D:3)
  3 dart slugs
  2 leopard geckos (D:3)
  6 orcs
  7 giant cockroaches
  10 goblins
  8 hobgoblins
  8 jackals
  2 quokkas (D:2)
  9 bats
  4 frilled lizards
  9 kobolds
  12 rats
91 creatures vanquished.

Vanquished Creatures (others)
  A bush (D:3)
  A plant (D:1)
2 creatures vanquished.

Grand Total: 93 creatures vanquished

Notes
Turn   | Place    | Note
-------+----------+-------------------------------------------
     0 | D:1      | Gartch the Deep Dwarf Earth Elementalist began the quest
                  | for the Orb.
     0 | D:1      | Reached XP level 1. HP: 15/15 MP: 3/3
   239 | D:1      | Reached XP level 2. HP: 22/22 MP: 4/4
   864 | D:1      | Reached skill level 1 in Fighting
  1120 | D:1      | Reached XP level 3. HP: 20/31 MP: 3/5
  1430 | D:1      | Found a sparkling altar of Nemelex Xobeh.
  2154 | D:2      | Found an iron altar of Okawaru.
  2160 | D:2      | Noticed Sigmund
  2452 | D:2      | Reached XP level 4. HP: 16/40 MP: 3/6
  2467 | D:2      | Noticed a hippogriff
  2815 | D:2      | You fall into a shaft and drop 2 floors!
  2828 | D:4      | Noticed a phantom
  2835 | D:4      | Noticed an ogre
  2904 | D:3      | Noticed Terence
  3059 | D:3      | Reached XP level 5. HP: 29/46 MP: 4/7
  3265 | D:2      | Killed Terence
  3744 | D:3      | Reached skill level 1 in Armour
  4110 | D:3      | Killed from afar by an orc wizard

Levels and vault maps discovered:
D:1:      dpeg_arrival_subterranean_lakeside_camping, layout_rooms,
          serial_forest, infiniplex_forest_lined_4_way,
          infiniplex_forest_straight_5, infiniplex_forest_straight_2,
          infiniplex_forest_clump_long, infiniplex_forest_clump_tiny,
          infiniplex_forest_straight_2, infiniplex_forest_lined_corner,
          infiniplex_forest_end_2, infiniplex_forest_straight_4,
          nemelex_diamond_rough_becter
D:2:      layout_basic, overflow_temple_1_default, lightli_corner_chamber,
          uniq_sigmund
D:3:      layout_rooms, first_ration, st_stairs_4, lexackson_kobold_supper,
          uniq_terence, uniq_ijyb
D:4:      layout_loops_ring, vehumet_crystals, old_standard_altar,
          amethyst_overflow_temple_binary, uniq_robin

Skill      XL: |  1  2  3  4  5 |
---------------+----------------+-----
Fighting       | 1 2 |  2.4
Dodging        | 4 |  4.8
Armour         | 2 |  2.2
Stealth        | |  2.4
Spellcasting   | |  1.7
Transmutations | |  0.8
Earth Magic    | |  4.9

Action                   |  1- 3 |  4- 6 || total
-------------------------+-------+-------++-------
Melee: Club              |   164 |       ||   164
       Whip              |    14 |   169 ||   183
Throw: Stone             |       |     1 ||     1
 Cast: Sandblast         |    34 |    50 ||    84
 Abil: Heal Wounds       |       |     8 ||     8
  Use: Scroll            |     2 |     3 ||     5
 Stab: Sleeping          |    10 |     2 ||    12
       Distracted        |       |     1 ||     1
  Eat: Chunk             |     6 |     6 ||    12
Armor: Robe              |    49 |     6 ||    55
Dodge: Dodged            |   122 |    86 ||   208
